 Dungeon Crawl Stone Soup version 0.29-a0-565-g7a16c6de65 (webtiles) character file.

Game seed: 6085097521556563982

87 Lekart the Skirmisher (level 4, 0/40 HPs)
             Began as a Draconian Chaos Knight on June 12, 2022.
             Was a Plaything of Xom.
             Splashed by a jelly's acid (2 damage)
             ... on level 4 of the Dungeon.
             The game lasted 00:03:37 (2671 turns).

Lekart the Skirmisher (Draconian Chaos Knight)      Turns: 2671, Time: 00:03:37

Health: 0/40       AC: -3    Str: 16    XL:     4   Next: 28%
Magic:  4/4        EV: 12    Int: 13    God:    Xom [..*...]
Gold:   144        SH:  0    Dex: 10    Spells: 3/3 levels left

rFire   . . .      SeeInvis .   a - +0 hand axe (chaos)
rCold   . . .      Faith    .   (no shield)
rNeg    . . .      Spirit   .   (body armour unavailable)
rPois   .          Reflect  .   (helmet restricted)
rElec   .          Harm     .   (no cloak)
rCorr   .          Rampage  .   (no gloves)
Will    .....                   (no boots)
Stlth   +.........              k - amulet of regeneration
HPRegen 0.93/turn               (no ring)
MPRegen 0.09/turn               (no ring)

@: corroded
A: AC +5, unfitting armour, cold-blooded
a: Renounce Religion


You were on level 4 of the Dungeon.
You worshipped Xom.
You were a toy of Xom.
You visited 1 branch of the dungeon, and saw 4 of its levels.

You collected 144 gold pieces.

Inventory:

Hand Weapons
 a - a +0 hand axe of chaos (weapon)
Jewellery
 k - an amulet of regeneration (around neck)
Scrolls
 e - 2 scrolls of fog
 j - a scroll of identify
Potions
 c - a potion of heal wounds
 d - a potion of magic
 f - 3 potions of flight
 g - 2 potions of ambrosia
 h - a potion of might
 i - a potion of attraction
Miscellaneous
 b - a piece from Xom's chessboard (8/15) (quivered)


   Skills:
 + Level 3.9 Fighting
 + Level 3.8 Axes
 * Level 3.1 Dodging
 + Level 0.8 Evocations


You had 3 spell levels left.
You didn't know any spells.
Your spell library contained the following spells:

 Spells                   Type           Power      Damage    Failure   Level
 Beastly Appendage        Tmut           0%         N/A       30%         1
 Wereblood                Tmut           0%         N/A       43%         2
 Spider Form              Tmut/Pois      0%         N/A       67%         3


Dungeon Overview and Level Annotations

Branches:
Dungeon (4/15)
 Temple: D:4-7

Altars:
Ru
Trog
The Shining One


Innate Abilities, Weirdness & Mutations

Your plain brown scales are hard. (AC +5)
You cannot fit into any form of body armour.
You are cold-blooded and may be slowed by cold attacks.


Message History

No target in view!
You see here a hobgoblin corpse.
A giant cockroach comes into view.
A giant cockroach is nearby!
The giant cockroach misses you.
The giant cockroach bites you but does no damage.
A giant cockroach is nearby!
You hit the giant cockroach but do no damage.
You tail-slap the giant cockroach.
The giant cockroach is heavily wounded.
The giant cockroach barely misses you.
You hit the giant cockroach. You burn the giant cockroach.
You kill the giant cockroach!
You see here a giant cockroach corpse.
A jelly comes into view.
The jelly quivers.
A jelly is nearby!
A jelly is nearby!
The jelly hits you but does no damage.
You hit the jelly. You freeze the jelly.
Your hands burn!
Your tail-slap misses the jelly.
The jelly is lightly wounded.
The jelly hits you.
You are splashed with acid!
You hit the jelly. The acid corrodes you!
Your hands burn!
The jelly is lightly wounded.
The jelly hits you.
You are splashed with acid.
You are too injured to fight recklessly!
You are too injured to fight recklessly!
You are too injured to fight recklessly!
You hit the jelly.
The jelly flickers and vanishes!
Deactivating autopickup; reactivate with Ctrl-A.
Your hands burn!
Something hits you.
You are splashed with acid!
* * * LOW HITPOINT WARNING * * *
You closely miss something. Something hits you.
* * * LOW HITPOINT WARNING * * *
You are splashed with acid!
* * * LOW HITPOINT WARNING * * *
You hit something. You burn something. The acid corrodes you!
Your hands burn!
You die...
Xom giggles madly!

###
..#
#.#
#.#
#.#
#.#
#{#
#@#
#.#
#.#
#.#
#.#
#.#
#.#
#.#
#.#


There were no monsters in sight!

Vanquished Creatures
  An orc wizard (D:3)
  An adder (D:2)
  2 dart slugs (D:2)
  4 orcs (D:3)
  A ball python (D:2)
  4 bats
  3 endoplasms
  4 giant cockroaches
  7 goblins
  3 hobgoblins
  4 jackals (D:2)
  2 quokkas (D:3)
  2 frilled lizards (D:2)
  A kobold (D:2)
  5 rats
44 creatures vanquished.

Vanquished Creatures (collateral kills)
  A ball python (D:3)
1 creature vanquished.

Vanquished Creatures (others)
  A quokka zombie (D:3)
1 creature vanquished.

Grand Total: 46 creatures vanquished

Notes
Turn   | Place    | Note
-------+----------+-------------------------------------------
     0 | D:1      | Lekart the Draconian Chaos Knight began the quest for the
                  | Orb.
     0 | D:1      | Reached XP level 1. HP: 19/19 MP: 1/1
   363 | D:1      | XOM: silly message
   461 | D:1      | Found a faded altar of an unknown god.
   463 | D:1      | You fall into a shaft and drop 1 floor!
   477 | D:2      | Reached XP level 2. HP: 26/26 MP: 2/2
   901 | D:1      | XOM: divination: magic mapping
  1117 | D:2      | Reached XP level 3. HP: 31/33 MP: 3/3
  1195 | D:2      | Found a sacrificial altar of Ru.
  1891 | D:3      | XOM: silly message
  2226 | D:3      | Reached XP level 4. HP: 9/40 MP: 4/4
  2424 | D:3      | Found a bloodstained altar of Trog.
  2424 | D:3      | Found a glowing golden altar of the Shining One.
  2670 | D:4      | HP: 2/40 [acid (7)]
  2671 | D:4      | Splashed by a jelly's acid

Illustrated notes

Levels and vault maps discovered:
D:1:      minmay_arrival_diagonal_passages, layout_rooms,
          dreamdust_ecumenical_altar_grove, minivault_23, minivault_27,
          minmay_tetromino_s4
D:2:      layout_basic, basic_altar, minmay_cut_off
D:3:      layout_loops_ring, gammafunk_temple_overflow_elements
D:4:      old_forge, layout_basic, hangedman_decor_peaks_small,
          minmay_misc_feat_x, uniq_natasha

Skill      XL: |  1  2  3 |
---------------+----------+-----
Dodging        | 3 |  3.1
Fighting       | |  3.9
Axes           | |  3.8
Evocations     | |  0.8

Action                   |  1- 3 |  4- 6 || total
-------------------------+-------+-------++-------
Melee: Hand axe          |   126 |    17 ||   143
       Tailslap          |    10 |     2 ||    12
       Punch             |     1 |       ||     1
Evoke: Piece from Xom's  |    10 |       ||    10
  Use: Scroll            |     6 |       ||     6
       Potion            |     4 |       ||     4
 Stab: Confused          |     1 |       ||     1
       Paralysed         |     1 |       ||     1
       Petrified         |     4 |       ||     4
Armor: Skin              |    58 |     2 ||    60
Dodge: Dodged            |    87 |     9 ||    96

Table legend: (Time is in decaauts)
 A = Elapsed time spent in this place.
 B = Non-inter-level travel time spent in this place.
 C = Inter-level travel time spent in this place.
 D = Time resting spent in this place.
 E = Time spent auto-exploring this place.
 F = Levels seen in this place.
 G = Mean time per level.
                   A        B        C        D        E       F      G
               +--------+--------+--------+--------+--------+-----+--------+
         Total |   2691 |   2628 |     63 |    126 |   2072 |   4 |  672.8 |
       Dungeon |   2691 |   2628 |     63 |    126 |   2072 |   4 |  672.8 |
               +--------+--------+--------+--------+--------+-----+--------+

Top non-repeatable levels by time:
     D:3: 971 daAuts
     D:2: 901 daAuts
     D:1: 775 daAuts
     D:4: 42 daAuts
